 Dungeon Crawl Stone Soup version 0.24.0-1-gfbc8707122 (webtiles) character file.

Game seed: 1561253629881823345, levelgen mode: deterministic

66516 MovingMist the Cruncher (level 15, -6/98 HPs)
             Began as a Gargoyle Fighter on Oct 27, 2019.
             Was the Champion of Okawaru.
             Mangled by a spriggan rider
             ... wielding a +0 spear
              (13 damage)
             ... on level 1 of the Swamp.
             The game lasted 00:53:44 (19711 turns).

MovingMist the Cruncher (Gargoyle Fighter)         Turns: 19711, Time: 00:53:45

Health: -6/98      AC: 43    Str: 23    XL:     15   Next: 20%
Magic:  22/22      EV:  9    Int:  8    God:    Okawaru [******]
Gold:   1293       SH:  0    Dex: 17    Spells: 20/23 levels left

rFire    . . .     SeeInvis +   O - +5 lajatang "Text" {vamp, *Rage +Rage rPois Dex+4}
rCold    . . .     Gourm    .   (shield currently unavailable)
rNeg     + . .     Faith    .   A - +0 crystal plate armour
rPois    ∞         Spirit   .   c - +2 hat
rElec    +         Reflect  .   Q - +1 cloak
rCorr    .         Harm     .   w - +2 pair of gloves
MR       ++...     Rnd*Rage +   V - +1 pair of boots "Cosuvej" {+Blink}
Stlth    ..........             v - amulet of regeneration
HPRegen  0.66/turn              y - ring of protection from magic
MPRegen  0.18/turn              L - ring of see invisible

@: berserk cooldown, flying, slowed, very slow
A: big wings, negative energy resistance 1, electricity resistance, unbreathing,
petrification resistance, rot immunity, AC +11
a: Stop Flying, Heroism, Finesse, Renounce Religion, Evoke Blink, Evoke Berserk
Rage


You were on level 1 of the Swamp.
You worshipped Okawaru.
Okawaru was exalted by your worship.
You were not hungry.

You visited 5 branches of the dungeon, and saw 21 of its levels.
You also visited: Sewer.

You collected 1743 gold pieces.
You spent 450 gold pieces at shops.

Inventory:

Hand Weapons
 O - the +5 lajatang "Text" (weapon) {vamp, *Rage +Rage rPois Dex+4}
   (You found it on level 3 of the Lair of Beasts)

   It inflicts no extra harm, but heals its wielder when it wounds a living foe.
   It affects your dexterity (+4).
   It protects you from poison.
   It lets you go berserk.
   It may make you go berserk in combat.
 S - a +5 mace of crushing
Missiles
 u - 6 throwing nets (quivered)
Armour
 c - a +2 hat (worn)
 w - a +2 pair of gloves (worn)
 A - a +0 crystal plate armour (worn)
 Q - a +1 cloak (worn)
 V - the +1 pair of boots "Cosuvej" (worn) {+Blink}
   (Okawaru gifted it to you on level 6 of the Lair of Beasts)

   It lets you blink.
Jewellery
 v - an amulet of regeneration (around neck)
 y - a ring of protection from magic (left hand)
 L - a ring of see invisible (right hand)
Wands
 k - a wand of disintegration (42)
 l - a wand of paralysis (30)
 M - a wand of acid (7)
Scrolls
 e - 6 scrolls of teleportation
 h - 8 scrolls of remove curse
 i - 4 scrolls of blinking
 m - a scroll of fear
 t - a scroll of identify
 x - 3 scrolls of amnesia
 z - a scroll of fog
 I - a scroll of silence
 P - a scroll of random uselessness {unknown}
 T - a scroll of magic mapping
 U - a scroll of acquirement {unknown}
 X - a scroll of noise {unknown}
Potions
 a - 3 potions of haste
 d - 3 potions of might
 g - a potion of magic
 j - 3 potions of brilliance
 n - 5 potions of heal wounds
 o - 6 potions of curing
 p - 5 potions of agility
 q - a potion of resistance
 r - a potion of cancellation {unknown}
 s - 2 potions of invisibility {unknown}
 B - 2 potions of degeneration {unknown}
 C - a potion of lignification {unknown}
 F - a potion of ambrosia {unknown}
 G - a potion of berserk rage {unknown}
 N - 2 potions of flight {unknown}
Comestibles
 b - 5 chunks of flesh
 f - 45 rations


   Skills:
 + Level 13.1 Fighting
 - Level 5.4(10.5) Maces & Flails
 - Level 13.6(14.0) Staves
 - Level 12.0 Armour
 + Level 8.8 Dodging
   Level 5.6 Shields
 + Level 4.6 Spellcasting
 * Level 7.0 Hexes
 - Level 6.0 Invocations


You had 20 spell levels left.
You knew the following spells:

 Your Spells              Type           Power        Failure   Level  Hunger
a - Confuse               Hex            ##......     91%         3    ###....

Your spell library contained the following spells:

 Spells                   Type           Power        Failure   Level  Hunger
 Corona                   Hex            ##.....      58%         1    #......
 Tukima's Dance           Hex            ##......     91%         3    ###....
 Ensorcelled Hibernation  Hex/Ice        #.....       99%         2    ###....
 Dazzling Spray           Conj/Hex       #.....       100%        3    ###....


Dungeon Overview and Level Annotations

Branches:
Dungeon (11/15)            Temple (1/1) D:4            Lair (6/6) D:8
  Swamp (1/4) Lair:4        Snake (0/4) Lair:2        Slime (0/5) Lair:6
    Orc (2/2) D:9             Elf (0/3) Orc:2         Sewer (visited)

Altars:
Ashenzari
Cheibriados
Dithmenos
Elyvilon
Fedhas
Gozag
Hepliaklqana
Kikubaaqudgha
Makhleb
Nemelex Xobeh
Okawaru
Qazlal
Ru
Sif Muna
Trog
Uskayaw
Vehumet
Wu Jian
Xom
Yredelemnul
Zin
The Shining One
Beogh
Jiyva

Shops:
Orc:1 [   Orc:2 =(((

Annotations:
D:4 2 transporters, newuser's ghost, amateur DDWr
D:6 1 runed translucent door
D:8 2 transporters


Innate Abilities, Weirdness & Mutations

You are resistant to torment.
Your stone body is resilient. (AC +11)
You are immune to poison.
Your large and strong wings let you fly indefinitely.
You resist negative energy. (rN+)
You are resistant to electric shocks. (rElec)
You can survive without breathing.
You are immune to petrification.
You are immune to rotting.


Message History

Some of the chunks of flesh in your inventory have rotted away.
You slice the very large slime creature!!
You feel better.
The very large slime creature is almost dead.
The spriggan rider barely misses you.
The very large slime creature hits you!!
You slash the very large slime creature!
You feel better.
The very large slime creature is almost dead.
The spriggan rider hits you but does no damage.
The very large slime creature hits you!!
* * * LOW HITPOINT WARNING * * *
Unknown command.
Unknown command.
You feel much better.
The spriggan rider hits you from afar with a +0 spear.
The very large slime creature hits you!!
* * * LOW HITPOINT WARNING * * *
The spriggan rider hits you from afar with a +0 spear!
You die... ..≈..♣♣ .≈≈..≈♣ ?.≈≈..♣ ≈≈≈≈§.♣ ♣♣ i≈≈≈. ♣♣♣≈♣♣ iD≈

♣≈...♣♣♣♣J♣
♣.≈..).@♣
♣♣♣♣♣...≈≈..♣♣♣
♣♣≈..>....≈...≈♣
♣.≈≈.≈≈...≈...§♣
♣♣♣≈≈≈≈≈≈§.≈≈≈.♣♣♣
♣..≈≈≈≈≈≈.≈≈≈≈.≈♣
.
♣.≈≈≈≈÷..♣≈.≈.≈♣♣
.≈♣♣≈≈≈.≈♣♣♣♣♣≈♣♣♣
.......≈♣♣♣♣ ♣♣♣


You could see a four-headed hydra, a very large slime creature and 2 spriggan
riders.

Vanquished Creatures
  Gastronok (D:11)
  A dire elephant (Lair:2)
  Josephine (D:9)
  Fannar (Lair:3)
  3 catoblepae (Lair:6)
  6 hydras
  8 death yaks (Lair:6)
  3 alligators (Swamp:1)
  2 two-headed ogres (D:10)
  Nergalle (D:11)
  10 orc knights (Orc:2)
  2 lindwurms
  A cyclops (Orc:1)
  3 manticores
  2 orc sorcerers (Orc:2)
  Maurice (D:8)
  17 elephants (Lair:2)
  3 black mambas
  5 spiny frogs
  6 komodo dragons
  2 rime drakes
  A hornet (Swamp:1)
  A troll (Orc:2)
  5 bog bodies
  11 blink frogs
  7 hippogriffs
  7 slime creatures (Swamp:1)
  3 tyrant leeches
  2 spriggans
  3 wraiths (D:10)
  A shadow (D:11)
  2 vampires (D:10)
  3 basilisks
  4 fire bats (Lair:4)
  36 yaks
  10 vampire mosquitoes
  A soldier ant (D:6)
  3 nagas (Lair:2)
  3 swamp worms (Swamp:1)
  6 wargs
  11 water moccasins
  14 porcupines
  2 swamp drakes
  4 ice beasts
  4 sky beasts
  3 phantoms
  38 orc warriors
  8 ogres
  A necrophage (D:10)
  4 centaurs
  16 crocodiles
  2 gnoll sergeants
  7 big kobolds
  8 bullfrogs
  3 scorpions
  3 wights (D:9)
  An electric eel (Lair:1)
  4 howler monkeys
  5 crimson imps
  A jelly (D:7)
  A centaur zombie (D:5)
  2 bullfrog skeletons
  Crazy Yiuf (D:5)
  6 hounds
  19 orc wizards
  14 orc priests
  A centaur skeleton (D:10)
  A gnoll shaman (D:4)
  3 iguanas
  14 worker ants
  A hound zombie (D:10)
  2 hound skeletons
  17 gnolls
  13 adders
  2 river rats (Sewer)
  A shadow imp (D:5)
  5 oozes
  3 adder skeletons
  An adder zombie (D:5)
  5 worms
  A dart slug (D:2)
  3 leopard geckos
  93 orcs
  13 giant cockroaches
  14 goblins
  9 hobgoblins
  13 jackals
  4 quokkas
  6 ball pythons
  9 bats
  4 frilled lizards
  10 kobolds
  2 quokka skeletons
  19 rats
639 creatures vanquished.

Vanquished Creatures (others)
  An orc priest (D:4)
  85 fungi
  27 plants
113 creatures vanquished.

Grand Total: 752 creatures vanquished

Notes
Turn   | Place    | Note
-------+----------+-------------------------------------------
     0 | D:1      | MovingMist the Gargoyle Fighter began the quest for the
                  | Orb.
     0 | D:1      | Reached XP level 1. HP: 14/14 MP: 1/1
   119 | D:1      | Reached XP level 2. HP: 19/19 MP: 2/2
   410 | D:1      | Reached XP level 3. HP: 17/23 MP: 3/3
   978 | D:2      | Reached XP level 4. HP: 29/29 MP: 4/4
  1304 | D:2      | Found a faded altar of an unknown god.
  1829 | D:3      | Reached XP level 5. HP: 31/33 MP: 5/5
  2473 | D:4      | Found a glowing drain.
  2480 | Sewer    | Entered a sewer
  2561 | Sewer    | Noticed a big kobold
  2597 | Sewer    | Killed a big kobold
  2597 | Sewer    | Reached XP level 6. HP: 32/39 MP: 6/6
  2927 | Sewer    | Reached XP level 7. HP: 44/44 MP: 7/7
  2963 | Sewer    | Reached skill level 5 in Maces & Flails
  3052 | Sewer    | Reached skill level 5 in Armour
  3062 | Sewer    | Reached skill level 5 in Fighting
  3062 | Sewer    | Reached skill level 5 in Shields
  3310 | D:4      | Noticed a hungry ghost
  3316 | D:4      | Found a transporter.
  3316 | D:4      | Noticed newuser's ghost (amateur DDWr)
  3384 | D:4      | Found a staircase to the Ecumenical Temple.
  3402 | Temple   | Entered the Ecumenical Temple
  3477 | Temple   | Became a worshipper of Warmaster Okawaru
  3983 | D:4      | Found a transporter.
  4038 | D:4      | Reached skill level 1 in Staves
  4048 | D:4      | Reached XP level 8. HP: 33/49 MP: 8/8
  4393 | D:4      | Found a hide-covered altar of Uskayaw.
  4399 | D:4      | Found a shattered altar of Ashenzari.
  4402 | D:4      | Found a sacrificial altar of Ru.
  4403 | D:4      | Found a glowing golden altar of the Shining One.
  4462 | D:5      | Entered Level 5 of the Dungeon
  4612 | D:5      | Found a runed translucent door.
  4613 | D:5      | Noticed Crazy Yiuf
  4748 | D:5      | Killed Crazy Yiuf
  5139 | D:5      | Reached * piety under Okawaru
  5498 | D:6      | Reached XP level 9. HP: 55/56 MP: 9/9
  5548 | D:6      | Reached skill level 5 in Staves
  5566 | D:6      | Found a runed translucent door.
  5567 | D:6      | Found a runed translucent door.
  5722 | D:6      | Found an opulent altar of Gozag.
  6000 | D:7      | Reached ** piety under Okawaru
  6899 | D:8      | Reached skill level 1 in Dodging
  6903 | D:8      | Reached *** piety under Okawaru
  7040 | D:8      | Reached XP level 10. HP: 64/64 MP: 10/10
  7138 | D:8      | Noticed Maurice
  7251 | D:8      | Found an ancient bone altar of Kikubaaqudgha.
  7253 | D:8      | Found a transporter.
  7264 | D:8      | Found a transporter.
  7313 | D:8      | Reached **** piety under Okawaru
  7436 | D:8      | Found a staircase to the Lair.
  7682 | D:8      | Killed Maurice
  8201 | D:9      | Reached ***** piety under Okawaru
  8361 | D:9      | Found a staircase to the Orcish Mines.
  8657 | D:10     | Entered Level 10 of the Dungeon
  8710 | D:10     | Noticed a two-headed ogre
  8719 | D:10     | Killed a two-headed ogre
  8719 | D:10     | Reached XP level 11. HP: 71/71 MP: 11/11
  8774 | D:10     | Noticed Josephine
  8808 | D:9      | Killed Josephine
  8808 | D:9      | Received a gift from Okawaru
  8930 | D:10     | Reached skill level 10 in Staves
  9236 | D:10     | Noticed a two-headed ogre
  9247 | D:10     | Killed a two-headed ogre
  9967 | D:10     | Found the +12 Vampire's Tooth {vamp}
 10281 | D:11     | Noticed Nergalle
 10296 | D:11     | Killed Nergalle
 10548 | D:11     | Noticed Gastronok
 10559 | D:11     | Killed Gastronok
 10559 | D:11     | Reached skill level 10 in Fighting
 10559 | D:11     | Reached skill level 10 in Armour
 10559 | D:11     | Reached skill level 5 in Dodging
 10559 | D:11     | Reached XP level 12. HP: 40/77 MP: 12/12
 11160 | Lair:1   | Entered Level 1 of the Lair of Beasts
 11377 | Lair:1   | Reached skill level 1 in Invocations
 11693 | Lair:2   | Noticed a seven-headed hydra
 11707 | Lair:1   | Killed a 13-headed hydra
 11707 | Lair:1   | Received a gift from Okawaru
 12688 | Lair:2   | Reached ****** piety under Okawaru
 12919 | Lair:2   | Reached XP level 13. HP: 72/84 MP: 15/15
 13108 | Lair:2   | Noticed a dire elephant
 13138 | Lair:2   | Killed a dire elephant
 13256 | Lair:2   | Received a gift from Okawaru
 13306 | Lair:2   | Got a faintly humming robe {god gift}
 13317 | Lair:2   | Identified the +0 robe of Seacaokh {rElec rF+} (Okawaru
                  | gifted it to you on level 2 of the Lair of Beasts)
 13553 | Lair:2   | Found a staircase to the Snake Pit.
 13973 | Lair:3   | Got an ichor-stained lajatang
 13975 | Lair:3   | Identified the +5 lajatang "Text" {vamp, *Rage +Rage rPois
                  | Dex+4} (You found it on level 3 of the Lair of Beasts)
 14146 | Lair:3   | Noticed Fannar
 14163 | Lair:3   | Killed Fannar
 14163 | Lair:3   | Reached skill level 5 in Invocations
 14645 | Lair:4   | Found a staircase to the Swamp.
 16240 | Lair:6   | Entered Level 6 of the Lair of Beasts
 16328 | Lair:6   | Received a gift from Okawaru
 16342 | Lair:6   | Gained mutation: Your large and strong wings let you fly
                  | indefinitely. [Gargoyle growth]
 16342 | Lair:6   | Reached XP level 14. HP: 62/91 MP: 18/18
 16421 | Lair:6   | Learned a level 3 spell: Confuse
 16471 | Lair:6   | Found a viscous altar of Jiyva.
 16471 | Lair:6   | Found a staircase to the Slime Pits.
 16567 | Lair:6   | Reached skill level 1 in Hexes
 16571 | Lair:6   | Reached skill level 1 in Spellcasting
 16628 | Lair:6   | Received a gift from Okawaru
 16646 | Lair:6   | Got a pair of faintly humming boots {god gift}
 16647 | Lair:6   | Identified the +1 pair of boots "Cosuvej" {+Blink} (Okawaru
                  | gifted it to you on level 6 of the Lair of Beasts)
 17487 | Orc:1    | Entered Level 1 of the Orcish Mines
 17591 | Orc:1    | Found Xyppa's Antique Armour Shop.
 17706 | Orc:2    | Entered Level 2 of the Orcish Mines
 18118 | Orc:2    | Reached skill level 5 in Hexes
 18124 | Orc:2    | Found Walluaw's Weapon Shop.
 18124 | Orc:2    | Found Fofij's Antique Weapon Emporium.
 18307 | Orc:2    | Received a gift from Okawaru
 18610 | Orc:2    | Found Mareir's Jewellery Emporium.
 18667 | Orc:2    | Found a staircase to the Elven Halls.
 18709 | Orc:2    | Bought an uncursed amulet of regeneration for 450 gold
                  | pieces
 18741 | Orc:2    | Found Eluy's Antique Weapon Shop.
 19150 | Orc:2    | Found a roughly hewn altar of Beogh.
 19386 | Swamp:1  | Entered Level 1 of the Swamp
 19434 | Lair:4   | Reached XP level 15. HP: 97/97 MP: 21/21
 19711 | Swamp:1  | Mangled by a spriggan rider

Levels and vault maps discovered:
D:1:      kilobyte_arrival_exit_the_forest, layout_rooms
D:2:      layout_rooms, chequers_ecumenical_altar_grove, serial_aquarium,
          aquarium_bridge_straight [aquarium_subvault_bridge,
          aquarium_subvault_wall, aquarium_subvault_bridge,
          aquarium_subvault_wall], aquarium_window_3, aquarium_window_1,
          aquarium_window_1, aquarium_window_1, aquarium_view_2g, first_ration
D:3:      layout_basic
D:4:      layout_loops_corners, minitemple, temple_green,
          gammafunk_ghost_mausoleum, portal_sewer_entry_e, chequers_mini_garden
D:5:      layout_rooms, uniq_crazy_yiuf_cottage
D:6:      lemuel_insect_pit, layout_basic,
          nicolae_gozag_cash_rules_everything_around_me, minmay_ogre_servants
D:7:      layout_gridville
D:8:      layout_loops_ring, gammafunk_temple_overflow_arena,
          minmay_lair_entry_grove, uniq_maurice
D:9:      layout_loops_corners, orc_0_dummy
D:10:     layout_big_octagon, grunt_ogre_cave,
          minmay_guarded_unrand_vampires_tooth, uniq_josephine
D:11:     layout_roguey, uniq_gastronok, uniq_nergalle
Temple:   nicolae_temple_elliptical
Lair:1:   layout_roguey, infiniplex_staircase_pool
Lair:2:   mu_elephants_graveyard, layout_small_grid,
          guppyfry_snake_entry_island, beast_lair_carwin_8
Lair:3:   layout_gridlike, uniq_fannar
Lair:4:   layout_gridlike, skrybe_swamp_entry_bodies
Lair:5:   layout_cave_pods, chequers_serial_rivers_room_a,
          minmay_stone_trees_medium, lemuel_fruit_tree, grunt_megastairs_3
Lair:6:   evilmike_catoblepas_cave, layout_regular_city,
          dpeg_slime_entry_enclosed_altar
Swamp:1:  layout_basic_swamp, evilmike_swamp_ruin_house_6, swamp_pool3
Orc:1:    layout_diamond_mine, serial_shops, shop, shop, shop, shop_fountains,
          statue_in_the_mist_lemuel, nicolae_orc_lava_room
Orc:2:    st_orc_town, layout_diamond_mine, nicolae_orc_sculptors_studio

Skill      XL: |  1  2  3  4  5  6  7  8  9 10 11 12 13 14 15 |
---------------+----------------------------------------------+-----
Maces & Flails | 3 4 5 |  5.4
Fighting       | 4 5 6 7 9 10 11 12 13 | 13.1
Armour         | 4 5 6 7 9 10 11 12 | 12.0
Shields        | 4 5 |  5.6
Staves         | 1 4 7 9 11 12 13 | 13.6
Dodging        | 1 3 5 6 7 8 |  8.8
Invocations    | 3 6 |  6.0
Hexes          | 6 7 |  7.0
Spellcasting   | 4 |  4.6

Action                   |  1- 3 |  4- 6 |  7- 9 | 10-12 | 13-15 || total
-------------------------+-------+-------+-------+-------+-------++-------
Melee: Flail             |   151 |   263 |    94 |       |       ||   508
       Lajatang          |       |       |   476 |   911 |   995 ||  2382
Invok: Heroism           |       |       |       |     2 |     1 ||     3
 Abil: Evoke Berserk Rag |       |       |       |       |     1 ||     1
       Fly               |       |       |       |       |     1 ||     1
Evoke: Wand              |       |       |       |     4 |       ||     4
  Use: Scroll            |       |     2 |    11 |     5 |    10 ||    28
       Potion            |       |       |       |     4 |     1 ||     5
 Stab: Paralysed         |       |       |       |    12 |       ||    12
       Confused          |       |       |       |       |     2 ||     2
  Eat: Chunk             |     1 |     7 |    11 |    10 |    15 ||    44
       Ration            |       |       |     1 |     3 |     3 ||     7
Armor: Scale mail        |    98 |       |       |       |       ||    98
       Chain mail        |     6 |   119 |    40 |       |       ||   165
       Fire dragon scale |       |       |   399 |   679 |       ||  1078
       Crystal plate arm |       |       |       |       |  1032 ||  1032
Dodge: Dodged            |    67 |    46 |   269 |   583 |   539 ||  1504
Block: Shield            |    92 |   114 |    38 |       |       ||   244
       Other             |       |       |       |    27 |    97 ||   124
       Reflection        |       |       |       |       |     1 ||     1
